 Dungeon Crawl Stone Soup version 0.13.0-3-g966e3ec (webtiles) character file.

23634 MirrMurr the Gouger (level 12, -3/57 HPs)
             Began as a Felid Berserker on Oct 13, 2013.
             Was a High Priest of Trog.
             Slain by a nine-headed hydra (11 damage)
             ... on Level 6 of the Lair of Beasts.
             The game lasted 01:30:30 (23812 turns).

MirrMurr the Gouger (Felid Berserker)              Turns: 23812, Time: 01:30:30

HP  -3/57        AC  9     Str 13      XL: 12   Next: 63%
MP   0/20        EV 31     Int 10      God: Trog [*****.]
Gold 1115        SH  0     Dex 19      Spells:  0 memorised, 11 levels left
Lives: 0, deaths: 3

Res.Fire  : . . .   See Invis. : +     - Unarmed
Res.Cold  : + . .   Warding    : .   (armour unavailable)
Life Prot.: . . .   Conserve   : .   (shield unavailable)
Res.Poison: +       Res.Corr.  : .   (helmet unavailable)
Res.Elec. : .       Clarity    : .   (cloak unavailable)
Sust.Abil.: . .     Spirit.Shd : +   (gloves unavailable)
Res.Mut.  : .       Stasis     : .   (boots unavailable)
Res.Rott. : .       Flight     : .   v - amulet of guardian spirit
Saprovore : . . .                    l - ring of poison resistance
                                     F - +6 ring of protection

@: quick, quite resistant to hostile enchantments, extraordinarily stealthy
A: paw claws, no armour, no advanced items, fangs 3, see invisible, carnivore 3,
speed 1, slow metabolism 1, spit poison 1, AC +3
a: Spit Poison, Burn Spellbooks, Berserk, Trog's Hand, Brothers in Arms,
Renounce Religion


You were on level 6 of the Lair of Beasts.
You worshipped Trog.
Trog was extremely pleased with you.
You were completely stuffed.

You visited 3 branches of the dungeon, and saw 21 of its levels.

You collected 1095 gold pieces.

Inventory:

Comestibles
 c - 9 meat rations
 d - a honeycomb
 s - 2 beef jerkies
 t - 9 cheeses
 z - a royal jelly
 H - 6 chunks of boulder beetle flesh
Scrolls
 i - 5 scrolls of blinking
 j - 4 scrolls of identify
 k - 3 scrolls of fog
 p - 11 scrolls of remove curse
 q - a scroll of enchant armour {unknown}
 r - a scroll of fear
 w - 7 scrolls of teleportation
 B - a scroll of curse armour {unknown}
 C - a scroll of recharging {unknown}
 G - a scroll of torment {unknown}
Jewellery
 a - an uncursed ring of sustenance
 h - an uncursed ring of magical power
 l - a ring of poison resistance (right paw)
 n - an uncursed ring of protection from magic
 o - an uncursed ring of magical power
 v - an amulet of guardian spirit (around neck)
 x - an uncursed ring of ice
 y - an uncursed ring of sustain abilities
 D - an uncursed amulet of resist corrosion
 F - a +6 ring of protection (left paw)
Potions
 b - 7 potions of curing
 e - a potion of invisibility
 f - 4 potions of heal wounds
 g - a potion of resistance
 m - a potion of brilliance
 u - a potion of restore abilities
 E - a potion of speed
Miscellaneous
 A - a plain deck of changes


   Skills:
 + Level 10.7 Fighting
 + Level 13.6 Dodging
 + Level 14.4 Stealth
 * Level 14.5 Unarmed Combat
 + Level 1.0 Evocations


You had 11 spell levels left.
You didn't know any spells.

Dungeon Overview and Level Annotations

Branches:
Dungeon (14/27)            Temple (0/1) D:6             Orc (0/4) D:10
   Lair (6/8) D:13          Swamp (1/5) Lair:5       Spider (0/5) Lair:3
  Slime: Lair:6-8

Altars:
Cheibriados
Fedhas
Kikubaaqudgha
Makhleb
Nemelex Xobeh
Okawaru
Trog
Xom
the Shining One

Shops:
D:10 =

Annotations:
D:3 1 exclusion
D:4 Dowan, Duvessa
Lair:3 levitate to spider


Innate Abilities, Weirdness & Mutations

You cannot wear armour.
You are incapable of any advanced item manipulation.
Your paws have sharp claws.
You have razor-sharp teeth.
You have supernaturally acute eyesight.
You are carnivorous and can eat meat at any time.
You cover ground quickly.
Your thick and shaggy fur keeps you warm (AC +3, rC+).
You have a slow metabolism.
You can spit poison.


Message History

Your troll bites the eight-headed hydra!
Your troll completely misses the eight-headed hydra.
Your troll claws the eight-headed hydra!
Your troll rips one of the eight-headed hydra's heads off!
The seven-headed hydra grows two more!
You claw the nine-headed hydra!
The nine-headed hydra begins to bleed from its wounds!
The nine-headed hydra is severely wounded.
The nine-headed hydra bites you.
The nine-headed hydra bites you but does no damage.
The nine-headed hydra completely misses you.
The nine-headed hydra bites you!
The nine-headed hydra completely misses you.
The nine-headed hydra bites you!
* * * LOW HITPOINT WARNING * * *
The nine-headed hydra completely misses you.
The nine-headed hydra bites you.
* * * LOW HITPOINT WARNING * * *
The nine-headed hydra bites you!
You die...

#.f..)PPP.. ....########.
#..........# #.........##.
..........f# ##f.........#.
#......#...# #...........#.
#..f.......P# #..).........
..P.#......## #..........P
#.......f####..#.........#
.#..........# #...........
..#.......D@.# ##..........
...........T..# #........#.
#............## ...#.....#..
###.#.............# ..........#.
#.....f.#....[#.............P....
.....##......P.#............##...
....######...P..##.......#..##...
....##.........## ......f...#...#
.................... ............


You could see a nine-headed hydra (bleeding) and a friendly troll (berserk).

Vanquished Creatures
  Harold (D:12)
  3 hydras
  2 centaur warriors (D:13)
  2 unseen horrors
  2 hill giants
  Pikel (D:7)
  An oklob plant (Lair:1)
  A griffon (Lair:6)
  Maurice (D:8)
  2 black mambas
  3 spiny frogs
  3 fire drakes
  4 komodo dragons
  2 wandering mushrooms (Lair:3)
  A polar bear (D:10)
  A troll (D:10)
  14 slime creatures
  A hydra skeleton (D:9)
  3 blink frogs
  A boulder beetle (Lair:6)
  2 basilisks
  4 sharks
  A shadow (D:12)
  17 yaks
  2 griffon skeletons
  An elephant slug (Lair:5)
  A wraith (D:13)
  A hill giant zombie (D:12)
  7 vampire mosquitoes
  3 hippogriffs
  A steam dragon (D:12)
  Edmund (D:9)
  2 mottled dragons
  4 wolves (Lair:4)
  A hungry ghost (D:10)
  2 manticores
  7 porcupines
  A black bear (D:13)
  A human (D:7)
  3 phantoms (D:8)
  A sky beast (D:11)
  2 ogres
  4 orc warriors
  16 centaurs
  3 ice beasts
  A giant goldfish (D:10)
  4 crocodiles
  2 big kobolds (D:10)
  6 water moccasins
  4 giant slugs
  5 agate snails
  14 giant frogs
  A cyclops zombie (D:12)
  A hippogriff zombie (D:12)
  A yak zombie (D:12)
  3 wights (D:10)
  A troll zombie (D:12)
  6 jellyfish
  13 killer bees
  A yak skeleton (D:10)
  An electric eel (D:10)
  5 hounds
  8 crimson imps
  3 goliath beetles
  A giant frog zombie (D:6)
  2 jellies
  5 spiders (Lair:3)
  Crazy Yiuf (D:7)
  4 orc priests
  3 scorpions
  8 big fish
  11 orc wizards
  5 iguanas
  10 worker ants
  18 sheep
  Ijyb (D:3)
  2 ogre skeletons
  A hound zombie (D:7)
  Terence (D:3)
  2 mummies (D:10)
  3 gnolls
  11 green rats
  16 adders
  2 giant centipedes
  4 giant mites
  3 white imps (D:10)
  An inept item mimic (D:3)
  A goliath beetle zombie (D:8)
  6 worms
  3 ufetubi (D:10)
  A scorpion zombie (D:5)
  An iguana skeleton (D:7)
  6 giant eyeballs
  8 giant geckos
  An ooze (D:4)
  55 orcs
  9 goblins
  20 hobgoblins
  32 jackals
  8 quokkas
  A ball python (D:3)
  25 bats
  5 giant cockroaches
  4 giant newts
  A giant spore (D:11)
  A hobgoblin skeleton (D:5)
  15 kobolds
  An orc simulacrum (D:10)
  A quokka skeleton (D:6)
  40 rats
  5 ballistomycetes (D:7)
  A fungus (D:7)
583 creatures vanquished.

Vanquished Creatures (collateral kills)
  Fannar (Lair:4)
  2 hydras
  3 death yaks (Lair:5)
  A hydra zombie (D:11)
  2 slime creatures (D:12)
  A wandering mushroom (Lair:3)
  A yak (D:11)
  Eustachio (D:7)
  A hippogriff (D:11)
  An orc warrior (D:8)
  An ice beast (Lair:4)
  Sigmund (D:7)
  2 crimson imps (D:7)
  A giant frog skeleton (D:12)
  2 lemures (D:7)
  A green rat (D:7)
  An orc (D:8)
  A bat (D:7)
  2 rats
26 creatures vanquished.

Vanquished Creatures (others)
  An orc (D:10)
  A giant spore (D:7)
  A rat (D:7)
  A fungus (Lair:3)
  A plant (Lair:5)
5 creatures vanquished.

Grand Total: 614 creatures vanquished

Notes
Turn   | Place    | Note
--------------------------------------------------------------
     0 | D:1      | MirrMurr, the Felid Berserker, began the quest for the Orb.
     0 | D:1      | Reached XP level 1. HP: 10/10 MP: 1/1
    98 | D:1      | Reached skill level 1 in Stealth
    98 | D:1      | Reached XP level 2. HP: 14/14 MP: 2/2
   750 | D:1      | Reached XP level 3. HP: 11/18 MP: 4/4
   877 | D:1      | Acquired Trog's second power
  1027 | D:2      | Found a bloodstained altar of Trog.
  1036 | D:2      | Found an ancient bone altar of Kikubaaqudgha.
  1580 | D:2      | Reached XP level 4. HP: 21/21 MP: 6/6
  1723 | D:3      | Noticed Ijyb
  1761 | D:3      | HP: 1/21 [Ijyb/club (6)]
  1773 | D:3      | Killed Ijyb
  2025 | D:3      | Noticed Terence
  2038 | D:3      | Killed Terence
  2142 | D:3      | Reached XP level 5. HP: 16/25 MP: 7/7
  2400 | D:3      | Reached skill level 5 in Dodging
  3362 | D:4      | Gained mutation: You are covered in thick fur (AC +2). [growing up]
  3362 | D:4      | Reached XP level 6. HP: 26/29 MP: 9/9
  3455 | D:4      | Noticed Duvessa
  3457 | D:4      | Noticed Dowan
  3490 | D:4      | Acquired Trog's third power
  3526 | D:5      | Entered Level 5 of the Dungeon
  3548 | D:5      | Reached skill level 5 in Unarmed Combat
  3929 | D:5      | Reached XP level 7. HP: 25/32 MP: 11/11
  3931 | D:5      | Reached skill level 6 in Dodging
  4262 | D:5      | Found a blossoming altar of Fedhas.
  4550 | D:5      | Reached skill level 5 in Stealth
  4715 | D:6      | Found an iron altar of Okawaru.
  4751 | D:6      | Found a staircase to the Ecumenical Temple.
  5416 | D:6      | Found a shimmering altar of Xom.
  5419 | D:6      | Found a snail-covered altar of Cheibriados.
  5419 | D:6      | Found a glowing golden altar of the Shining One.
  5514 | D:6      | Reached skill level 5 in Fighting
  6188 | D:7      | Reached XP level 8. HP: 37/37 MP: 12/12
  6217 | D:7      | Noticed Eustachio
  6236 | D:7      | Killed Eustachio
  6254 | D:7      | Noticed Sigmund
  6261 | D:7      | Killed Sigmund
  6543 | D:7      | Reached skill level 7 in Dodging
  6544 | D:7      | Found a burning altar of Makhleb.
  6665 | D:7      | Paralysed by a giant eyeball for 4 turns
  6670 | D:7      | HP: 1/37 [poisoned by a killer bee]
  6671 | D:7      | Succumbed to a killer bee's poison
  6672 | D:7      | Reached XP level 7. HP: 0/33 MP: 11/11
  6995 | D:7      | Reached XP level 8. HP: 12/37 MP: 12/12
  7415 | D:7      | Noticed a yak
  7446 | D:7      | Killed a yak
  7446 | D:7      | Reached skill level 8 in Dodging
  7550 | D:7      | Noticed Pikel
  7564 | D:7      | Killed Pikel
  7753 | D:7      | Noticed Crazy Yiuf
  7771 | D:7      | Killed Crazy Yiuf
  7907 | D:8      | Found a sparkling altar of Nemelex Xobeh.
  7924 | D:7      | Reached XP level 9. HP: 23/41 MP: 14/14
  8388 | D:8      | Reached skill level 9 in Unarmed Combat
  8652 | D:8      | Noticed Maurice
  8683 | D:8      | Killed Maurice
  8686 | D:8      | HP: 2/41 [poisoned by Maurice]
  8688 | D:8      | Succumbed to Maurice's poison
  8689 | D:8      | Reached XP level 8. HP: 0/38 MP: 12/12
  9478 | D:9      | Reached XP level 9. HP: 29/42 MP: 6/14
  9810 | D:9      | Noticed Edmund
  9830 | D:9      | Killed Edmund
  9830 | D:9      | Reached skill level 10 in Unarmed Combat
 10074 | D:10     | Entered Level 10 of the Dungeon
 10077 | D:10     | Found Pniujolosch's Jewellery Emporium.
 10452 | D:10     | Reached skill level 10 in Stealth
 10532 | D:10     | Reached skill level 10 in Dodging
 10540 | D:10     | Reached XP level 10. HP: 26/46 MP: 8/16
 10762 | D:10     | Noticed an unseen horror
 10772 | D:10     | Killed an unseen horror
 10772 | D:10     | Reached skill level 11 in Unarmed Combat
 11332 | D:10     | Found a staircase to the Orcish Mines.
 12100 | D:11     | Noticed an unseen horror
 12125 | D:11     | Killed an unseen horror
 12644 | D:12     | Reached XP level 11. HP: 27/50 MP: 14/17
 13008 | D:12     | Noticed a hill giant
 13018 | D:12     | Killed a hill giant
 13288 | D:12     | Reached skill level 12 in Unarmed Combat
 13310 | D:12     | Noticed a seven-headed hydra
 13321 | D:12     | Killed a seven-headed hydra
 13821 | D:12     | Noticed Harold
 13938 | D:12     | Killed Harold
 14589 | D:13     | Found a staircase to the Lair.
 14710 | D:13     | Noticed a five-headed hydra
 15129 | D:13     | Killed a five-headed hydra
 15129 | D:13     | Gained mutation: Your thick and shaggy fur keeps you warm (AC +3, rC+). [growing up]
 15129 | D:13     | Reached XP level 12. HP: 51/51 MP: 18/18
 15375 | D:13     | Noticed a centaur warrior
 15382 | D:13     | Reached skill level 13 in Unarmed Combat
 15388 | D:13     | Killed a centaur warrior
 15840 | D:13     | Noticed a centaur warrior
 15863 | D:13     | Killed a centaur warrior
 16563 | D:14     | Entered Level 14 of the Dungeon
 16710 | Lair:1   | Entered Level 1 of the Lair of Beasts
 16859 | Lair:1   | Found an iron altar of Okawaru.
 17319 | Lair:1   | Reached skill level 10 in Fighting
 18145 | Lair:3   | Found a hole to the Spider Nest.
 18293 | Lair:3   | Gained mutation: You can spit poison. [potion of beneficial mutation]
 18346 | Lair:3   | Killed from afar by a fire drake
 18347 | Lair:3   | Reached XP level 11. HP: -9/47 MP: 0/26
 19716 | Lair:4   | Noticed Fannar
 19731 | Lair:4   | Killed Fannar
 19872 | Lair:4   | Noticed a seven-headed hydra
 19895 | Lair:4   | Killed a seven-headed hydra
 19895 | Lair:4   | Reached skill level 14 in Unarmed Combat
 20125 | Lair:4   | Reached XP level 12. HP: 32/56 MP: 16/18
 20904 | Lair:5   | Found a staircase to the Swamp.
 20916 | Swamp:1  | Entered Level 1 of the Swamp
 22710 | Lair:6   | Noticed a seven-headed hydra
 22733 | Lair:6   | Killed a seven-headed hydra
 23090 | Lair:6   | Noticed a six-headed hydra
 23114 | Lair:6   | Killed a six-headed hydra
 23609 | Lair:6   | Reached skill level 1 in Evocations
 23795 | Lair:6   | Noticed an eight-headed hydra
 23812 | Lair:6   | Slain by a nine-headed hydra

Action                   |  1- 3 |  4- 6 |  7- 9 | 10-12 || total
-------------------------+-------+-------+-------+-------++-------
Melee: Unarmed           |   105 |   209 |   703 |  1296 ||  2313
Invok: Berserk           |       |     4 |     8 |     6 ||    18
       Trog's Hand       |       |     3 |     8 |    11 ||    22
       Brothers in Arms  |       |       |     3 |     8 ||    11
 Abil: Spit Poison       |       |       |       |     2 ||     2
  Use: Scroll            |       |     7 |    10 |     9 ||    26
       Potion            |       |     2 |     2 |     8 ||    12
 Stab: Sleeping          |     5 |     7 |    22 |    58 ||    92
       Distracted        |       |     1 |     2 |     5 ||     8
       Fleeing           |       |       |       |     1 ||     1
